Map: Catallena LE (Void)

Players

Winthrowe - Winner!

  • Race: Terran Terran
  • League: Silver
  • Spawn Location: 5:00

A.I. 1 (Harder)

  • Race: Protoss Protoss
  • Spawn Location: 9:00

VOD

Have the link to the VOD?

Description

Time

  • Played on: Aug. 19, 2017, 2:35 p.m.
  • Length: 11:36
Show
View Real Time Build Order
Export as new Build Order

Winthrowe Terran - Winner!

Build Orders: MMM Bio 

Get SALT Encoding   

  12  0:02  SCV  
  13  0:15  SCV  
  13  0:20  Supply Depot  
  14  0:27  SCV  
  15  0:42  SCV  
  16  0:46  Barracks  
  16  0:54  SCV  
  17  1:06  SCV  
  18  1:16  Refinery  
  18  1:18  SCV  
  19  1:30  SCV  
  20  1:43  Orbital Command  
  20  1:45  Supply Depot  
  20  1:53  Command Center  
  20  1:58  Marine  
  21  2:13  SCV, Refinery  
  22  2:16  Marine  
  23  2:37  Barracks Reactor  
  23  2:39  Barracks  
  23  2:47  SCV  
  24  3:01  SCV  
  25  3:13  SCV  
  26  3:24  Marine x2  
  28  3:36  Barracks  
  28  3:37  Barracks Tech Lab  
  28  3:42  Marine x2, Engineering Bay  
  30  3:49  SCV x2  
  32  3:59  Marine  
  32  4:00  Marine  
  32  4:01  SCV x2  
  36  4:04  Stimpack  
  36  4:09  Engineering Bay  
  36  4:13  SCV x2  
  38  4:17  Marine  
  38  4:18  Marine  
  40  4:24  Barracks Tech Lab  
  40  4:25  SCV  
  40  4:26  SCV  
  40  4:27  Marine  
  43  4:35  Marine  
  43  4:36  Marine  
  43  4:37  SCV  
  46  4:46  Supply Depot  
  46  4:58  Terran Infantry Weapons Level 1  
  46  5:00  Terran Infantry Armor Level 1  
  46  5:07  Marine x3, SCV x2  
  46  5:08  Supply Depot  
  46  5:10  Combat Shields  
  51  5:17  Factory  
  51  5:18  Marine  
  51  5:20  SCV x2  
  54  5:29  Marine x3  
  54  5:31  Supply Depot  
  57  5:36  Marine  
  58  5:47  Marine x3  
  61  5:54  Marine  
  62  6:04  Concussive Shells  
  62  6:05  Marine x3  
  65  6:11  Marine  
  66  6:19  Armory  
  66  6:23  Marine x3  
  69  6:30  Marauder  
  71  6:38  Refinery  
  71  6:40  Marine x2, Refinery  
  71  6:41  Marauder  
  74  6:51  Marauder  
  72  6:58  Marine x2  
  74  7:02  Marauder  
  76  7:13  Marauder  
  78  7:28  Supply Depot  
  78  7:49  Marine x2  
  78  7:50  Supply Depot  
  82  7:52  Marauder  
  82  7:56  Marauder  
  84  8:07  Marine x2  
  86  8:13  Terran Infantry Weapons Level 2, Supply Depot, Marauder  
  86  8:14  Terran Infantry Armor Level 2  
  86  8:17  Marauder  
  90  8:25  Marine x2  
  88  8:35  Marauder  
  88  8:36  Supply Depot  
  88  8:39  Marauder  
  92  8:42  Marine x2  
  88  8:56  Marauder  
  88  8:59  Supply Depot  
  88  9:00  Marine x2, Marauder  
  85  9:17  Marauder  
  85  9:18  Marine x2  
  85  9:22  Supply Depot, Marauder  
  90  9:36  Marine x2  
  85  9:39  Marauder  
  85  9:43  Marauder  
  85  9:44  Supply Depot  
  88  9:54  Marine x2, Starport  
  88  9:59  Factory Reactor  
  90  10:00  Marauder  
  90  10:04  Marauder  
  94  10:07  Supply Depot  
  94  10:12  Marine x2  
  96  10:21  Marauder  
  96  10:26  Marauder  
  100  10:29  Marine x2  
  100  10:43  Marauder  
  100  10:47  Marauder  
  104  11:04  Marauder  
  104  11:11  Marine, Marauder  
  108  11:12  Marine  
Show
View Real Time Build Order
Export as new Build Order

A.I. 1 (Harder) Protoss 

Build Orders:  

Get SALT Encoding   

  12  0:01  Probe (Chrono Boost)  
  13  0:11  Probe (Chrono Boost)  
  14  0:22  Pylon, Probe (Chrono Boost)  
  15  0:40  Probe (Chrono Boost)  
  16  0:47  Assimilator  
  16  0:50  Probe (Chrono Boost)  
  16  0:51  Gateway  
  17  1:01  Pylon, Probe (Chrono Boost)  
  18  1:12  Probe (Chrono Boost)  
  19  1:23  Probe (Chrono Boost)  
  20  1:37  Zealot  
  20  1:42  Cybernetics Core  
  20  1:44  Gateway  
  22  1:48  Assimilator  
  22  2:01  Pylon  
  22  2:16  Adept  
  22  2:22  Warp Gate  
  24  2:28  Stalker  
  26  2:41  Zealot  
  28  2:53  Pylon  
  28  2:57  Stalker  
  30  3:08  Adept  
  32  3:22  Pylon  
  32  3:25  Adept  
  34  3:35  Stalker  
  36  3:46  Probe (Chrono Boost)  
  37  3:51  Stalker  
  39  3:58  Probe (Chrono Boost)  
  40  4:03  Adept  
  40  4:06  Forge  
  43  4:10  Probe (Chrono Boost)  
  43  4:15  Pylon  
  43  4:20  Zealot  
  43  4:21  Probe (Chrono Boost)  
  46  4:33  Probe (Chrono Boost)  
  46  4:38  Adept  
  49  4:44  Probe (Chrono Boost)  
  50  4:56  Adept  
  52  6:01  Protoss Ground Weapons Level 1  
  52  6:06  Stalker  
  52  6:08  Gateway  
  52  6:10  Photon Cannon  
  52  6:11  Photon Cannon  
  54  6:14  Sentry, Nexus, Pylon  
  56  6:27  Stalker  
  56  6:29  Twilight Council  
  58  6:37  Stalker  
  60  6:45  Pylon  
  60  6:50  Stalker  
  44  6:58  Zealot  
  46  7:02  Blink  
  46  7:07  Adept  
  48  7:15  Zealot  
  48  7:21  Robotics Facility  
  50  7:24  Sentry  
  51  7:32  Adept  
  51  7:33  Probe x2 (Chrono Boost)  
  55  7:41  Stalker  
  58  7:44  Probe (Chrono Boost)  
  58  7:48  Probe (Chrono Boost), Protoss Ground Armor Level 1  
  58  7:50  Stalker  
  61  7:56  Probe (Chrono Boost)  
  62  7:59  Pylon  
  62  8:00  Probe (Chrono Boost)  
  63  8:08  Observer, Probe (Chrono Boost)  
  63  8:09  Pylon  
  63  8:11  Probe (Chrono Boost)  
  67  8:20  Probe (Chrono Boost)  
  67  8:21  Stargate  
  67  8:23  Probe (Chrono Boost)  
  68  8:28  Observer  
  68  8:31  Photon Cannon  
  68  8:32  Probe (Chrono Boost)  
  71  8:35  Probe (Chrono Boost)  
  71  8:41  Photon Cannon  
  71  8:44  Probe (Chrono Boost)  
  71  8:46  Probe (Chrono Boost)  
  73  8:49  Sentry  
  73  8:55  Forge, Probe (Chrono Boost)  
  70  8:58  Zealot  
  72  9:06  Adept  
  52  9:15  Sentry  
  48  9:17  Mothership Core (Chrono Boost)  
  48  9:23  Zealot  
  43  9:26  Zealot  
  34  9:36  Zealot  
  34  9:37  Probe (Chrono Boost)  
  36  9:45  Zealot, Stalker  
  28  9:49  Stalker  
  23  9:57  Stalker  
  23  10:06  Probe (Chrono Boost)  
  22  10:20  Stalker  
  24  10:29  Pylon  
  24  10:37  Pylon  
  19  10:53  Pylon  
  13  11:14  Nexus  
Tags
 
Composition
MMM Bio
League
Silver
Matchup
PvT
Spawn Locations
Cross Positions
Add a new tag
Caveats
  • Supply blocks, unpowered buildings, or Contaminate may cause inaccurate times.
  • Supply counts are checked every 10 seconds.